Map: Habitation Station LE (Void)

Players

LiquidTLO (TLO)

  • Race: Zerg Zerg
  • League: Grandmaster
  • Spawn Location: 1:00

liquidthermy (uThermal) - Winner!

  • Race: Terran Terran
  • League: Grandmaster
  • Spawn Location: 11:00

Event: NationWars IV

VOD

Have the link to the VOD?

Description

Time

  • Played on: Jan. 2, 2017, 4:29 p.m.
  • Length: 12:16
Show
View Real Time Build Order
Export as new Build Order

LiquidTLO Zerg 

Build Orders: Pool First 

Get SALT Encoding   

  12  0:00  Drone  
  13  0:12  Overlord  
  13  0:17  Drone  
  14  0:31  Drone x2  
  16  0:35  Drone  
  17  0:44  Spawning Pool  
  17  0:49  Drone  
  17  1:09  Hatchery  
  16  1:12  Drone  
  17  1:31  Zergling x2  
  17  1:32  Zergling x4  
  20  1:33  Queen  
  22  1:42  Overlord  
  22  1:47  Extractor  
  22  1:54  Drone  
  23  2:04  Drone  
  24  2:08  Queen  
  26  2:16  Hatchery  
  26  2:17  Drone  
  26  2:22  Drone  
  27  2:29  Drone  
  28  2:36  Queen  
  30  2:38  Overlord  
  30  2:42  Drone  
  31  2:49  Extractor  
  30  2:52  Drone x2  
  30  2:53  Drone  
  30  2:57  Overlord  
  33  3:00  Drone  
  33  3:04  Extractor, Drone  
  34  3:08  Drone  
  34  3:12  Drone  
  36  3:17  Drone x2  
  36  3:18  Drone  
  39  3:21  Drone  
  39  3:24  Drone  
  41  3:32  Roach Warren  
  41  3:33  Drone  
  41  3:35  Drone  
  41  3:38  Drone  
  43  3:44  Drone  
  43  3:46  Drone, Evolution Chamber  
  44  3:49  Drone  
  44  3:53  Overlord  
  44  3:55  Drone  
  46  3:57  Drone  
  46  4:04  Overlord  
  46  4:07  Overlord, Drone  
  47  4:11  Zerg Ground Armor Level 1  
  47  4:15  Roach  
  49  4:17  Roach  
  49  4:19  Drone  
  49  4:20  Drone  
  49  4:22  Roach  
  55  4:25  Roach  
  55  4:27  Roach  
  55  4:29  Roach  
  61  4:34  Roach  
  61  4:36  Spore Crawler  
  61  4:37  Roach  
  64  4:39  Roach  
  64  4:42  Drone  
  64  4:44  Roach  
  69  4:46  Roach  
  69  4:48  Roach  
  69  4:51  Overlord  
  72  4:54  Roach  
  76  5:00  Roach x2  
  76  5:01  Drone x2  
  76  5:05  Roach  
  82  5:09  Roach  
  82  5:12  Drone  
  82  5:14  Drone x4  
  87  5:18  Extractor  
  87  5:19  Drone x2  
  90  5:24  Overlord  
  90  5:26  Overlord  
  90  5:29  Extractor, Overlord  
  90  5:30  Drone  
  90  5:32  Overlord  
  90  5:38  Overlord  
  90  5:41  Overlord  
  90  5:43  Ravager x2  
  90  5:44  Drone x2  
  90  5:45  Drone x2  
  90  5:47  Ravager  
  90  5:49  Drone  
  96  5:50  Drone  
  96  5:51  Drone  
  98  6:02  Spawning Pool  
  93  6:04  Drone  
  93  6:07  Drone  
  93  6:08  Drone  
  93  6:09  Drone  
  97  6:14  Drone x2  
  97  6:15  Drone  
  100  6:18  Ravager  
  100  6:19  Ravager  
  100  6:30  Drone  
  99  6:33  Queen x2  
  99  6:34  Drone x2  
  99  6:37  Drone  
  105  6:44  Drone x2  
  105  6:45  Drone  
  105  6:46  Drone  
  101  6:49  Drone  
  101  6:50  Drone x2  
  101  6:52  Drone  
  102  6:57  Lair  
  102  6:58  Drone  
  102  6:59  Drone  
  104  7:02  Drone  
  104  7:04  Drone  
  104  7:05  Drone  
  104  7:07  Metabolic Boost  
  107  7:08  Drone  
  107  7:12  Drone  
  107  7:13  Drone  
  110  7:19  Drone  
  110  7:21  Drone x2  
  109  7:27  Drone x2  
  109  7:29  Drone x2  
  103  7:30  Drone x3  
  103  7:35  Drone  
  105  7:38  Queen  
  105  7:40  Drone  
  105  7:42  Drone  
  109  7:47  Drone  
  109  7:50  Drone  
  110  7:54  Drone x2  
  110  7:58  Queen  
  111  8:02  Roach  
  113  8:08  Roach x2  
  113  8:10  Roach  
  118  8:14  Extractor, Glial Reconstitution  
  118  8:19  Roach  
  116  8:22  Roach  
  116  8:25  Roach  
  120  8:28  Roach  
  120  8:29  Roach x2  
  120  8:31  Roach  
  120  8:33  Roach  
  130  8:35  Extractor, Roach  
  130  8:37  Roach  
  130  8:40  Roach  
  135  8:42  Overlord  
  135  8:44  Roach  
  137  8:50  Queen  
  137  8:54  Overlord  
  137  8:55  Overlord  
  137  8:56  Zerg Missile Weapons Level 1  
  137  8:59  Overlord, Evolution Chamber  
  137  9:01  Roach, Overlord  
  137  9:02  Roach  
  132  9:06  Roach  
  132  9:07  Queen  
  132  9:09  Roach  
  136  9:14  Roach  
  136  9:17  Roach  
  138  9:18  Roach  
  138  9:20  Roach  
  138  9:23  Roach  
  144  9:25  Overlord x2  
  144  9:29  Ravager  
  143  9:32  Drone x2  
  145  9:39  Drone  
  145  9:42  Drone  
  145  9:43  Queen  
  145  9:45  Roach  
  145  9:48  Roach x6  
  145  9:50  Roach  
  157  9:53  Ravager  
  157  9:54  Ravager  
  157  9:55  Roach  
  157  9:57  Roach  
  157  9:59  Queen x2  
  167  10:10  Roach  
  167  10:12  Roach  
  169  10:17  Roach  
  169  10:18  Roach  
  169  10:19  Roach x2  
  169  10:20  Roach x2  
  159  10:24  Infestation Pit  
  159  10:27  Queen  
  160  10:31  Ravager  
  160  10:32  Ravager x2  
  160  10:35  Queen x2  
  163  10:41  Overlord, Spore Crawler  
  166  10:51  Overlord  
  166  10:54  Hatchery  
  165  11:03  Queen  
  167  11:11  Queen  
  166  11:15  Pathogen Glands  
  166  11:19  Overlord  
  166  11:25  Extractor  
  165  11:28  Extractor  
  164  11:35  Spore Crawler  
  164  11:38  Overlord  
  164  11:39  Queen  
  165  11:41  Roach  
  165  11:44  Roach  
  165  11:45  Ravager x4  
  165  11:46  Ravager x2  
  167  11:47  Roach  
  167  11:50  Roach x2  
  167  11:51  Roach  
  167  11:53  Roach  
  162  11:54  Zergling x2, Roach  
  162  11:57  Roach  
Show
View Real Time Build Order
Export as new Build Order

liquidthermy Terran - Winner!

Build Orders:  

Get SALT Encoding   

  12  0:02  SCV  
  13  0:14  SCV  
  14  0:17  Supply Depot  
  14  0:26  SCV  
  14  0:27  Refinery  
  15  0:39  SCV  
  16  0:44  Barracks  
  16  0:51  SCV  
  17  1:03  SCV  
  18  1:15  SCV  
  19  1:30  Barracks Reactor  
  19  1:31  Orbital Command  
  19  1:42  Command Center  
  19  1:54  Supply Depot  
  19  1:56  SCV  
  20  2:06  Marine  
  20  2:07  Marine  
  22  2:08  SCV  
  22  2:12  Factory  
  23  2:20  Refinery  
  23  2:21  SCV  
  24  2:24  Marine  
  24  2:33  SCV  
  24  2:36  Marine  
  26  2:42  Marine  
  27  2:45  SCV  
  28  2:55  Marine  
  28  2:57  SCV  
  28  2:58  Starport  
  30  3:00  Marine  
  30  3:04  Factory Reactor  
  31  3:07  Orbital Command  
  31  3:11  SCV  
  32  3:13  Marine  
  32  3:18  Marine  
  34  3:23  SCV  
  35  3:33  Marine, SCV  
  37  3:35  Marine, SCV  
  37  3:39  Supply Depot  
  39  3:47  Medivac x2, SCV  
  45  3:49  Widow Mine  
  46  3:59  Supply Depot  
  46  4:00  Marine x2  
  46  4:01  SCV x2  
  50  4:03  Liberator  
  50  4:04  Liberator  
  50  4:10  Supply Depot  
  50  4:13  SCV x2  
  58  4:27  Marine x2  
  58  4:28  SCV  
  61  4:34  SCV  
  61  4:36  Supply Depot x2  
  61  4:42  SCV  
  62  4:46  SCV  
  62  4:54  SCV  
  63  5:00  Command Center  
  63  5:01  Barracks Tech Lab, SCV  
  63  5:06  SCV  
  65  5:13  SCV  
  63  5:18  SCV  
  64  5:25  SCV  
  65  5:30  SCV  
  65  5:31  Marine x2, Siege Tank  
  65  5:33  Engineering Bay  
  65  5:34  Engineering Bay  
  71  5:38  SCV, Refinery  
  71  5:39  Refinery  
  72  5:42  SCV  
  72  5:45  Liberator x2  
  72  5:49  Supply Depot  
  73  5:50  SCV  
  73  5:54  Marine  
  73  5:55  Marine, SCV  
  77  6:02  SCV  
  84  6:07  SCV  
  85  6:16  Marine x2  
  85  6:17  Orbital Command  
  87  6:18  Terran Infantry Weapons Level 1, SCV, Terran Infantry Armor Level 1  
  85  6:28  SCV  
  85  6:30  Barracks x2  
  85  6:32  SCV  
  87  6:37  Siege Tank  
  90  6:40  SCV  
  90  6:42  Marine x2  
  90  6:46  SCV  
  90  6:55  Orbital Command  
  90  6:57  Barracks, SCV  
  90  6:58  Barracks, SCV  
  90  7:00  Supply Depot  
  90  7:01  Supply Depot  
  92  7:02  Medivac  
  92  7:03  Medivac  
  92  7:06  Marine  
  92  7:08  Marine  
  98  7:17  Siege Tank  
  101  7:23  SCV, Barracks Tech Lab x2  
  101  7:24  SCV  
  99  7:37  Marine x2  
  99  7:39  Armory, SCV  
  99  7:42  Combat Shields  
  99  7:43  Marauder, Marine, Stimpack  
  100  7:45  SCV  
  101  7:54  Barracks Reactor x2  
  101  7:58  SCV  
  101  7:59  Marine x2  
  101  8:01  Medivac  
  105  8:07  Marine  
  104  8:13  Marine  
  104  8:17  Marine  
  104  8:19  Supply Depot  
  106  8:20  Supply Depot  
  106  8:23  Marine  
  106  8:25  Marauder  
  106  8:27  Refinery x2  
  106  8:29  Terran Infantry Weapons Level 2  
  106  8:30  Marine x3  
  106  8:31  Marauder, Marine  
  112  8:35  Supply Depot  
  112  8:36  Supply Depot  
  112  8:44  Marine x2  
  112  8:46  Marine  
  112  8:47  Missile Turret  
  115  8:50  SCV  
  115  8:52  Missile Turret  
  113  8:58  Medivac x2  
  113  8:59  Marauder, Marine, Siege Tank  
  113  9:01  Concussive Shells, Marine  
  113  9:02  Marine  
  123  9:07  Marine x2  
  123  9:08  Marine x2  
  127  9:16  Terran Infantry Armor Level 2  
  127  9:17  Marine, Supply Depot  
  126  9:19  Marine x2  
  126  9:21  Supply Depot  
  126  9:22  Marine  
  130  9:24  Marine  
  130  9:25  Marine  
  130  9:29  Marine x2, Supply Depot  
  134  9:31  Supply Depot  
  134  9:33  Siege Tank  
  134  9:34  Marine  
  134  9:37  Marine x2  
  140  9:40  Marine  
  140  9:44  SCV  
  139  9:48  Medivac x2  
  139  9:51  Marine  
  139  9:52  Marine x2  
  139  9:53  Supply Depot  
  139  9:54  Supply Depot  
  139  9:57  Marine x3  
  143  10:05  Marauder, Marine, Siege Tank  
  149  10:11  Marine  
  149  10:12  Factory  
  147  10:19  Marine x2  
  135  10:21  Medivac x2  
  135  10:22  Marine  
  135  10:23  Marauder  
  135  10:26  Marine x2  
  144  10:31  Marine x2  
  146  10:37  Marine, Siege Tank  
  146  10:38  Marine  
  151  10:42  Marine  
  151  10:43  Marine  
  151  10:45  Marauder  
  151  10:49  Marauder  
  157  10:51  Marine x2  
  157  10:52  Medivac  
  157  10:53  Medivac  
  157  10:55  Marine x2  
  163  10:58  Factory Tech Lab  
  163  11:00  Marine  
  163  11:01  Marine  
  164  11:06  Marauder  
  164  11:08  Marine  
  164  11:09  Marine  
  164  11:10  Marauder  
  159  11:12  Siege Tank  
  159  11:13  Marine x2  
  164  11:18  Marine  
  164  11:19  Marine  
  164  11:22  Medivac, Siege Tank  
  164  11:23  Medivac  
  173  11:26  Marine  
  173  11:27  Marauder  
  173  11:28  Marine  
  173  11:29  Command Center  
  173  11:31  Marine  
  173  11:32  Marauder  
  180  11:33  Marine  
  180  11:36  Marine  
  180  11:38  Marine  
  181  11:44  Marine  
  181  11:46  Marine  
  179  11:49  Marauder, Marine  
  179  11:51  Marine  
  179  11:53  Marauder  
  179  11:54  Marine  
  182  11:56  Marine  
Tags
 
Add a new tag
Caveats
  • Supply blocks, unpowered buildings, or Contaminate may cause inaccurate times.
  • Supply counts are checked every 10 seconds.